Map: Ulrena

Players

capac - Winner!

  • Race: Terran Terran
  • League: Gold

A.I. 1 (Elite)

  • Race: Zerg Zerg

VOD

Have the link to the VOD?

Description

Time

  • Played on: May 5, 2016, 1:11 p.m.
  • Length: 15:25
Show
View Real Time Build Order
Export as new Build Order

capac Terran - Winner!

Build Orders: Reaper Expand, MMM Bio 

Get SALT Encoding   

  12  0:01  SCV  
  13  0:13  SCV  
  14  0:18  Supply Depot  
  14  0:25  SCV  
  15  0:39  SCV  
  15  0:42  Barracks  
  16  0:46  Refinery  
  16  0:51  SCV  
  17  1:04  SCV  
  18  1:16  SCV  
  19  1:28  Orbital Command  
  19  1:30  Reaper  
  20  1:44  Command Center  
  20  1:54  Supply Depot  
  20  1:55  SCV  
  21  2:10  Refinery, Factory  
  21  2:12  Marine  
  22  2:18  SCV  
  23  2:34  Barracks  
  23  2:35  SCV  
  24  2:38  Barracks Reactor  
  24  2:47  SCV  
  25  2:55  Factory Tech Lab  
  25  2:56  Starport  
  25  2:59  SCV  
  25  3:00  Orbital Command  
  26  3:12  SCV  
  27  3:17  Siege Tank  
  30  3:23  Marine x2  
  30  3:27  Marine  
  33  3:34  SCV x2  
  33  3:38  Medivac  
  37  3:45  Supply Depot  
  37  3:46  Barracks Tech Lab  
  37  3:49  SCV  
  37  3:52  SCV  
  39  3:59  Marine x2  
  42  4:02  SCV  
  42  4:07  Stimpack  
  43  4:10  SCV  
  43  4:15  Starport Reactor  
  43  4:22  SCV x2  
  45  4:30  Marine x3, Command Center  
  48  4:41  Refinery, SCV x2  
  48  4:43  Refinery  
  48  4:45  Siege Tank  
  53  4:48  Supply Depot  
  53  4:55  Supply Depot  
  53  4:58  SCV  
  54  5:09  SCV  
  54  5:10  Supply Depot  
  55  5:16  SCV  
  55  5:17  Barracks, Marine  
  55  5:18  Marine x2  
  59  5:21  SCV  
  59  5:22  Medivac x2  
  65  5:28  SCV  
  65  5:34  SCV  
  66  5:38  Engineering Bay  
  66  5:40  Engineering Bay  
  66  5:41  SCV  
  67  5:43  Marine x3  
  70  5:52  SCV  
  70  5:53  SCV  
  72  5:59  Barracks  
  72  6:00  Marine  
  72  6:01  Marine  
  74  6:04  SCV  
  74  6:05  SCV  
  76  6:11  Medivac  
  76  6:12  Medivac  
  76  6:17  Supply Depot  
  80  6:19  Supply Depot  
  80  6:22  SCV  
  80  6:23  SCV  
  80  6:25  Orbital Command  
  82  6:37  Liberator x2  
  82  6:38  Terran Infantry Weapons Level 1, Terran Infantry Armor Level 1  
  82  6:39  SCV x2  
  84  6:41  Barracks Reactor  
  84  6:42  Combat Shields  
  84  6:52  Barracks  
  84  6:56  Marine x3  
  84  6:58  SCV  
  84  6:59  SCV  
  95  7:07  SCV  
  96  7:14  Supply Depot  
  96  7:16  Supply Depot  
  96  7:23  SCV x3  
  96  7:24  Liberator x2  
  96  7:26  Barracks Reactor  
  96  7:27  Marine x4  
  96  7:28  Marine  
  104  7:31  Siege Tank  
  107  7:38  Armory  
  107  7:40  Supply Depot  
  113  7:47  SCV  
  113  7:48  SCV x2  
  116  7:53  Refinery  
  116  7:54  Refinery  
  116  7:59  Starport  
  116  8:00  SCV x2  
  116  8:01  SCV  
  116  8:02  Supply Depot  
  122  8:05  Siege Tank  
  122  8:22  SCV x3  
  122  8:23  Marine x5  
  122  8:24  Marine  
  122  8:25  Marauder  
  133  8:27  Barracks Reactor  
  133  8:32  Supply Depot  
  133  8:33  Barracks  
  133  8:37  Starport Reactor  
  133  8:48  Marine x3  
  133  8:49  Marine x4  
  133  8:51  Terran Infantry Weapons Level 2  
  133  8:53  Terran Infantry Armor Level 2  
  140  8:56  Supply Depot  
  140  8:58  Liberator x3  
  140  9:00  Liberator  
  140  9:04  Barracks  
  149  9:17  Terran Ship Weapons Level 1  
  149  9:21  Supply Depot  
  149  9:22  Supply Depot  
  149  9:23  Barracks Reactor  
  152  9:29  Supply Depot  
  152  9:35  Marine x5  
  157  9:41  Liberator  
  157  9:42  Marine x4  
  157  9:43  Liberator  
  160  9:52  Marine  
  160  9:53  Marine x4  
  160  9:58  Medivac x2  
  144  10:00  Marine x4  
  144  10:05  Marine x2  
  148  10:10  Marine  
  148  10:11  Marine x4  
  153  10:17  Marine x4  
  157  10:23  Marine x2  
  157  10:25  Supply Depot  
  157  10:28  Marine  
  159  10:29  Marine x4  
  159  10:31  Liberator x2  
  159  10:32  Liberator x2  
  164  10:35  Marine x4  
  164  10:40  Marine  
  164  10:41  Marine  
  182  10:57  Armory  
  182  11:06  Command Center  
  182  11:10  Command Center  
  182  11:12  Marine x3  
  182  11:13  Marine x6  
  182  11:17  Marine x2  
  193  11:30  Marine  
  195  11:36  Marine  
  195  11:37  Marine x3  
  195  11:39  Terran Infantry Armor Level 3, Terran Infantry Weapons Level 3  
  200  11:51  Marine  
  200  11:58  Marine  
  170  12:41  Marine x9  
  170  12:42  Marine x2  
  179  12:59  Marine x11  
  190  13:16  Marine  
  190  13:17  Marine x3  
  184  13:49  Medivac x4  
  190  14:19  Medivac x3  
Show
View Real Time Build Order
Export as new Build Order

A.I. 1 (Elite) Zerg 

Build Orders: Pool First 

Get SALT Encoding   

  12  0:00  Drone  
  13  0:12  Overlord  
  13  0:17  Drone  
  14  0:30  Drone x2  
  16  0:42  Spawning Pool  
  15  0:44  Drone  
  15  0:49  Drone  
  17  1:13  Hatchery, Drone  
  17  1:16  Extractor  
  17  1:18  Drone  
  17  1:22  Drone  
  18  1:27  Drone  
  19  1:38  Overlord  
  19  1:49  Queen, Drone  
  22  1:59  Zergling x2  
  23  2:11  Extractor, Drone  
  23  2:21  Drone  
  23  2:24  Queen, Drone  
  26  2:32  Drone  
  26  2:35  Drone  
  28  2:42  Drone  
  29  2:47  Roach Warren  
  29  2:49  Drone  
  29  2:53  Drone  
  29  2:56  Zergling x2  
  31  2:59  Zergling x2  
  32  3:05  Overlord  
  32  3:08  Drone  
  32  3:11  Drone  
  34  3:27  Roach x2  
  34  3:28  Roach  
  34  3:30  Roach  
  42  3:35  Lair  
  42  3:40  Overlord  
  42  3:45  Overlord  
  42  3:47  Zergling x2  
  43  3:50  Zergling x2  
  44  3:58  Zergling x2, Drone x2  
  44  4:00  Drone  
  44  4:02  Drone  
  49  4:05  Drone  
  50  4:10  Overlord  
  50  4:14  Roach  
  50  4:17  Roach  
  54  4:20  Roach  
  54  4:23  Roach  
  58  4:27  Overlord  
  58  4:33  Drone  
  58  4:35  Drone  
  58  4:36  Hydralisk Den  
  58  4:37  Drone  
  60  4:40  Roach  
  60  4:44  Roach  
  64  4:47  Overlord  
  64  5:02  Drone  
  64  5:03  Drone  
  64  5:05  Hydralisk, Drone  
  64  5:06  Hydralisk x2  
  72  5:07  Drone  
  72  5:09  Drone  
  72  5:12  Overlord  
  75  5:14  Drone  
  75  5:16  Drone  
  75  5:18  Drone  
  75  5:20  Drone  
  79  5:25  Drone  
  79  5:28  Drone  
  79  5:34  Drone  
  79  5:35  Infestation Pit, Overlord  
  81  5:37  Drone  
  81  5:38  Drone  
  82  5:50  Evolution Chamber  
  82  5:52  Drone  
  82  5:54  Ravager  
  82  5:55  Evolution Chamber  
  82  5:56  Hatchery  
  81  6:04  Drone  
  81  6:06  Roach  
  84  6:12  Ravager, Infestor  
  84  6:15  Extractor  
  84  6:16  Overlord, Roach, Drone  
  84  6:17  Zerg Missile Weapons Level 1  
  84  6:18  Extractor  
  88  6:19  Drone  
  88  6:21  Zerg Ground Armor Level 1  
  89  6:37  Drone x3  
  92  6:40  Drone x2  
  92  6:41  Drone  
  92  6:43  Infestor  
  92  6:44  Overlord  
  97  6:48  Hydralisk  
  99  6:56  Spine Crawler, Drone  
  99  7:00  Spine Crawler  
  98  7:02  Infestor  
  100  7:08  Drone  
  100  7:09  Drone x5  
  100  7:10  Overlord, Drone x2  
  100  7:14  Drone x3  
  111  7:16  Extractor  
  111  7:19  Overseer, Drone  
  111  7:20  Drone x2  
  113  7:29  Drone  
  114  7:30  Drone  
  114  7:31  Overlord  
  115  7:40  Extractor, Drone  
  115  7:41  Overseer, Infestor, Drone x3  
  115  7:42  Pathogen Glands, Drone  
  121  7:46  Roach x2, Drone  
  121  7:50  Overlord  
  126  7:53  Drone x2  
  128  8:01  Drone  
  128  8:02  Spore Crawler  
  128  8:04  Drone x2  
  130  8:05  Spore Crawler  
  130  8:11  Queen  
  130  8:12  Overlord  
  131  8:13  Roach, Drone  
  131  8:15  Zerg Missile Weapons Level 2  
  134  8:31  Spine Crawler  
  134  8:32  Zergling x2, Zerg Melee Weapons Level 1, Drone, Metabolic Boost  
  135  8:34  Baneling Nest, Drone  
  135  8:37  Evolution Chamber, Drone  
  135  8:39  Neural Parasite  
  135  8:44  Hatchery  
  134  9:00  Overlord, Hydralisk  
  136  9:03  Hydralisk  
  136  9:09  Spine Crawler  
  137  9:10  Queen  
  137  9:16  Roach  
  141  9:17  Zergling x8  
  141  9:18  Spine Crawler  
  141  9:19  Overlord  
  141  9:20  Spore Crawler  
  141  9:21  Roach  
  141  9:22  Spine Crawler  
  141  9:24  Spine Crawler  
  143  9:25  Spine Crawler  
  143  9:26  Drone  
  143  9:36  Zergling x2, Baneling x2  
  144  9:49  Zergling x4  
  144  9:51  Ravager, Zergling x2  
  145  9:56  Roach x2  
  145  9:57  Zergling x4, Drone  
  145  9:58  Zergling x2, Baneling, Drone x2  
  145  9:59  Baneling, Drone x3  
  133  10:00  Spine Crawler, Zergling x2, Roach  
  133  10:01  Hydralisk, Drone, Roach  
  133  10:02  Roach x3  
  133  10:05  Roach  
  133  10:07  Extractor, Roach  
  135  10:10  Drone  
  135  10:11  Baneling  
  135  10:12  Zergling x2  
  135  10:13  Centrifical Hooks, Baneling x3  
  135  10:14  Baneling x3  
  137  10:15  Zergling x2, Hydralisk  
  137  10:16  Zergling x2  
  137  10:17  Zergling x2, Infestor  
  137  10:21  Roach x3  
  150  10:28  Spore Crawler  
  150  10:29  Zerg Melee Weapons Level 2, Drone  
  150  10:30  Hydralisk  
  150  10:32  Spore Crawler  
  150  10:33  Drone  
  152  10:38  Hydralisk  
  154  10:49  Ravager, Overlord, Roach  
  157  10:50  Spine Crawler  
  157  10:51  Roach, Drone  
  157  10:53  Roach, Pneumatized Carapace  
  161  11:03  Overseer  
  161  11:10  Drone, Spore Crawler  
  161  11:11  Hatchery  
  161  11:14  Drone  
  161  11:28  Extractor  
  161  11:29  Spine Crawler, Drone  
  161  11:31  Drone  
  161  11:37  Hive  
  161  11:46  Spore Crawler  
  160  11:47  Spine Crawler, Drone  
  160  11:48  Drone  
  160  11:51  Drone, Zerg Ground Armor Level 2, Spore Crawler  
  161  11:56  Overlord  
  161  11:57  Zergling x2, Baneling x2  
  162  12:08  Spine Crawler  
  161  12:09  Drone  
  161  12:10  Spine Crawler  
  161  12:11  Drone  
  161  12:12  Spine Crawler  
  161  12:13  Drone  
  161  12:14  Spine Crawler  
  161  12:15  Overlord, Drone  
  162  12:16  Infestor x2  
  162  12:17  Spire  
  162  12:18  Drone  
  162  12:21  Drone, Spore Crawler  
  159  12:24  Drone  
  159  12:26  Drone  
  159  12:28  Drone  
  138  12:32  Hydralisk  
  138  12:35  Hydralisk  
  138  12:36  Drone  
  103  12:38  Hydralisk  
  103  12:42  Hydralisk  
  92  12:45  Roach  
  92  12:48  Roach  
  92  12:50  Viper, Roach  
  96  12:53  Baneling x2, Roach  
  96  12:55  Baneling  
  96  12:56  Overseer, Drone  
  92  13:01  Ultralisk Cavern  
  92  13:02  Drone  
  92  13:03  Drone  
  90  13:06  Drone  
  90  13:08  Drone  
  90  13:11  Drone  
  93  13:13  Drone  
  93  13:19  Drone  
  94  13:20  Drone  
  88  13:28  Zergling x4, Drone  
  88  13:29  Roach, Corruptor  
  88  13:30  Roach  
  88  13:31  Hydralisk x2, Roach  
  83  13:41  Roach  
  83  13:43  Hydralisk  
  83  13:44  Hatchery  
  83  13:47  Hydralisk  
  82  13:48  Drone  
  82  13:50  Drone  
  82  13:52  Drone  
  82  13:54  Zergling x2  
  80  13:55  Zergling x2  
  80  13:58  Hatchery, Roach  
  80  14:01  Roach  
  79  14:05  Drone  
  13  14:54  Drone  
  13  14:59  Drone  
  7  15:07  Drone x3  
  7  15:08  Drone  
Tags
 
Composition
MMM Bio
League
Gold
Matchup
TvZ
Add a new tag
Caveats
  • Supply blocks, unpowered buildings, or Contaminate may cause inaccurate times.
  • Supply counts are checked every 10 seconds.